 Dungeon Crawl Stone Soup version 0.28.0-47-ge53b351184 (webtiles) character file.

Game seed: 13337630091172455521

0 Gabide the Grave Robber (level 1, 0/13 HPs)
             Began as a Mummy Necromancer on May 10, 2022.
             Slain by a kobold
             ... wielding a +3 short sword
              (7 damage)
             ... on level 1 of the Dungeon.
             The game lasted 00:00:10 (27 turns).

Gabide the Grave Robber (Mummy Necromancer)           Turns: 27, Time: 00:00:10

Health: 0/13       AC:  2    Str: 11    XL:     1   Next: 8%
Magic:  0/4        EV: 12    Int: 14    God:
Gold:   0          SH:  0    Dex: 12    Spells: 4/5 levels left

rFire   x . .      SeeInvis .   (no weapon)
rCold   + . .      Faith    .   (no shield)
rNeg    + + +      Spirit   .   a - +0 robe
rPois   ∞          Reflect  .   (no helmet)
rElec   .          Harm     .   (no cloak)
rCorr   .          Rampage  .   (no gloves)
Will    .....                   (no boots)
Stlth   ++........              (no amulet)
HPRegen 0.04/turn               (no ring)
MPRegen 0.09/turn               (no ring)

@: no status effects
A: cold resistance 1, negative energy resistance 3, torment resistance 2, heat
vulnerability 1, no potions
a: no special abilities


You were on level 1 of the Dungeon.
You visited 1 branch of the dungeon, and saw 1 of its levels.

Inventory:

Armour
 a - a +0 robe (worn)


   Skills:
 + Level 0.0 Fighting
 + Level 1.5 Dodging
 - Level 1.5 Stealth
 + Level 2.7 Spellcasting
 * Level 4.0 Necromancy


You had 4 spell levels left.
You knew the following spells:

 Your Spells              Type           Power      Damage    Failure   Level
a - Pain                  Necr           52%        1d6       4%          1

Your spell library contained the following spells:

 Spells                   Type           Power      Damage    Failure   Level
 Animate Skeleton         Necr           26%        N/A       4%          1
 Vampiric Draining        Necr           13%        2d6       13%         3
 Animate Dead             Necr           6%         N/A       38%         4
 Agony                    Necr           13%        N/A       75%         5


Dungeon Overview and Level Annotations

Branches:
Dungeon (1/15)

Altars:


Innate Abilities, Weirdness & Mutations

You are immune to poison.
Your flesh is cold resistant. (rC+)
You are immune to negative energy. (rN+++)
You are immune to unholy pain and torment.
You are vulnerable to heat. (rF-)
You do not drink.


Message History

Welcome, Gabide the Mummy Necromancer.
Will you prevail where others failed? Will you find the Orb of Zot?
Press ? for a list of commands and other information.
Found a ring mail.
Found a staircase leading out of the dungeon.
Found a stone staircase leading down.
Found a pink potion.
There is a stone staircase leading down here.
Found a stone staircase leading down.
A kobold comes into view. It is wielding a +3 short sword.
You can't see any susceptible monsters within range! (Use Z to cast anyway.)
You can't see any susceptible monsters within range! (Use Z to cast anyway.)
You can't see any susceptible monsters within range! (Use Z to cast anyway.)
The kobold shouts!
A bat comes into view.
The bat barely resists.
A ball python comes into view.
The bat closely misses you.
The bat writhes in agony.
The ball python hisses angrily.
The bat closely misses you. x2
The bat writhes in agony.
You kill the bat!
The kobold barely resists.
The kobold misses you.
You are too depleted to draw on your mana recklessly!
You are too depleted to draw on your mana recklessly!
You are too depleted to draw on your mana recklessly!
You are too depleted to draw on your mana recklessly!
You closely miss the kobold.
The kobold hits you with a +3 short sword.
You closely miss the kobold.
The kobold hits you with a +3 short sword.
You miss the kobold.
The kobold hits you with a +3 short sword!
Ouch! That really hurt!
You die...

...# ..# ...
... #.# # #
#S#=# #. #K#.#
#.##@#!#
#.#......####
#.>......$..#
....###.####...
... ##.## #.
#.. #.>.#
##..##...#
#.......# #.
#..##...### ..


You could see a ball python and a kobold.

Vanquished Creatures
  A bat (D:1)
1 creature vanquished.

Notes
Turn   | Place    | Note
-------+----------+-------------------------------------------
     0 | D:1      | Gabide the Mummy Necromancer began the quest for the Orb.
     0 | D:1      | Reached XP level 1. HP: 13/13 MP: 4/4
    27 | D:1      | Slain by a kobold

Illustrated notes

Levels and vault maps discovered:
D:1:      erik_arrival_blinker_ship, layout_loops_cross,
          hellmonk_ecumenical_altar_watching_god,
          hangedman_abyss_or_decor_lesser_grid, minmay_cupped

Action                   || total
-------------------------++-------
Melee: Unarmed           ||     3
 Cast: Pain              ||     4
Dodge: Dodged            ||     4
